 Dungeon Crawl Stone Soup version 0.27-a0-95-g5a9077b8ae (webtiles) character file.

Game seed: 16094092597154175538

1818 Faydwarf the Poker (level 8, -5/54 HPs)
             Began as a Demonspawn Gladiator on Jan 17, 2021.
             Killed by divine providence
             ... invoked by an orc priest
              (13 damage)
             ... on level 7 of the Dungeon.
             The game lasted 00:44:09 (5668 turns).

Faydwarf the Poker (Demonspawn Gladiator)           Turns: 5668, Time: 00:44:10

Health: -5/54      AC: 15    Str: 17    XL:     8   Next: 85%
Magic:  8/8        EV:  4    Int:  9    God:
Gold:   324        SH:  9    Dex: 15    Spells: 7/7 levels left

rFire    . . .     SeeInvis .   x - +1 trident (vorpal)
rCold    + . .     Faith    .   e - +0 kite shield
rNeg     . . .     Spirit   .   r - +0 plate armour
rPois    .         Reflect  .   (helmet restricted)
rElec    .         Harm     .   m - +0 cloak
rCorr    .         Rampage  .   n - +0 pair of gloves
Will     +....                  z - +0 pair of boots
Stlth    ..........             (no amulet)
HPRegen  0.18/turn              s - ring of protection from cold
MPRegen  0.11/turn              (no ring)

@: no status effects
A: antennae 1, claws 1, talons 1, demonic guardian 1, frail 1, strong-willed 1,
spiny 1
a: no special abilities


You were on level 7 of the Dungeon.
You visited 1 branch of the dungeon, and saw 7 of its levels.

You collected 468 gold pieces.
You spent 144 gold pieces at shops.

Inventory:

Hand Weapons
 k - a +3 flail of protection
 x - a +1 vorpal trident (weapon)
 A - a cursed -2 mace
Missiles
 d - 3 throwing nets (quivered)
Armour
 c - a +2 helmet
 e - a +0 kite shield (worn)
 m - a +0 cloak (worn)
 n - a +0 pair of gloves (worn)
 r - a +0 plate armour (worn)
 z - a +0 pair of boots (worn)
Magical Staves
 y - an uncursed staff of earth {unknown}
Jewellery
 s - a ring of protection from cold (left hand)
 B - an uncursed ring of poison resistance {unknown}
Wands
 p - a wand of polymorph (6)
 q - a wand of flame (51)
Scrolls
 b - 7 scrolls of identify
 f - 3 scrolls of teleportation {unknown}
 g - 4 scrolls of random uselessness {unknown}
 h - 3 scrolls of amnesia {unknown}
 i - 2 scrolls of fear
 l - 4 scrolls of remove curse
 w - a scroll of holy word {unknown}
Potions
 a - 3 potions of curing
 j - a potion of lignification
 o - a potion of attraction
 t - a potion of cancellation {unknown}
 u - a potion of mutation
 v - 2 potions of flight


   Skills:
 + Level 4.5 Fighting
 + Level 7.7 Polearms
 + Level 1.8 Throwing
 + Level 4.0 Armour
 + Level 3.8 Dodging
 + Level 2.0 Stealth
 + Level 3.2 Shields


You had 7 spell levels left.
You didn't know any spells.
Your spell library contained the following spells:

 Spells                   Type           Power        Failure   Level
 Beastly Appendage        Tmut           0%           100%        1
 Magic Dart               Conj           0%           100%        1
 Blink                    Tloc           N/A          100%        2
 Call Imp                 Summ           0%           100%        2
 Slow                     Hex            0%           100%        2
 Wereblood                Tmut           0%           100%        2
 Conjure Flame            Conj/Fire      0%           100%        3
 Mephitic Cloud           Conj/Pois/Air  0%           100%        3
 Spider Form              Tmut/Pois      0%           100%        3
 Ice Form                 Ice/Tmut       0%           100%        4
 Blade Hands              Tmut           0%           100%        5


Dungeon Overview and Level Annotations

Branches:
Dungeon (7/15)             Temple (0/1) D:6

Altars:
Ashenzari
Cheibriados
Dithmenos
Fedhas
Kikubaaqudgha
Makhleb
Uskayaw
Vehumet
Wu Jian
Yredelemnul

Shops:
D:4 (   D:6 ?**(


Innate Abilities, Weirdness & Mutations

You have a pair of small antennae on your head.
You have sharp fingernails.
You have sharp toenails.
A weak demonic guardian rushes to your aid.
You are partially covered in sharp spines.
You are frail. (-10% HP)
You are strong-willed. (Will+)


Message History

The orc wizard hits you but does no damage.
The orc priest calls upon Beogh to heal the orc wizard.
The orc wizard's wounds heal themselves!
Your iron imp barely misses the kobold.
The orc priest mumbles some strange prayers to Beogh against you.
Beogh smites you!
* * * LOW HITPOINT WARNING * * *
The kobold hits your iron imp with a +0 club.
The orc wizard mumbles some strange words.
The orc wizard seems to speed up.
The kobold throws a poisoned dart.
The poisoned dart barely misses your iron imp.
The poisoned dart hits you!
You are more poisoned.
You see here a poisoned dart.
You feel better.
Your iron imp disappears in a puff of smoke!
The orc wizard barely misses you.
The orc priest invokes the aid of Beogh against you.
Beogh smites you!
You die...

....... #.#.#..
.......
#.#.#..####
#.........#
##...ooco# #
.##.....Koo##.#.#
....#..)Ko@....(#
#....)§(.######
#.....#.###
#.#..§)._..#
##.#.#)#.#......
##.##(#...#####
## #(##### #.#
#(#


You could see a centaur, 2 orc priests, 2 orc wizards, 2 orcs and 2 kobolds.

Vanquished Creatures
  Grinder (D:3)
  An ice beast (D:5)
  A sky beast (D:6)
  2 ogres
  3 centaurs
  A big kobold (D:7)
  A wyvern skeleton (D:6)
  2 hounds
  An orc priest (D:3)
  5 orc wizards
  An iron imp (D:5)
  4 iguanas
  5 worker ants
  2 hound zombies
  3 gnolls (D:4)
  6 adders
  3 shadow imps
  An ufetubus (D:6)
  4 oozes
  An adder skeleton (D:6)
  3 worms
  A dart slug (D:4)
  2 leopard geckos
  23 orcs
  7 bats
  10 giant cockroaches
  4 goblins
  7 hobgoblins
  2 jackals (D:3)
  5 quokkas
  A ball python (D:4)
  6 frilled lizards
  A jackal zombie (D:6)
  16 kobolds
  A leopard gecko skeleton (D:7)
  21 rats
158 creatures vanquished.

Vanquished Creatures (collateral kills)
  Edmund (D:6)
  A water moccasin (D:6)
  A big kobold (D:7)
  A scorpion (D:6)
  An orc wizard (D:6)
  An orc (D:6)
  2 kobolds (D:7)
8 creatures vanquished.

Grand Total: 166 creatures vanquished

Notes
Turn   | Place    | Note
-------+----------+-------------------------------------------
     0 | D:1      | Faydwarf the Demonspawn Gladiator began the quest for the
                  | Orb.
     0 | D:1      | Reached XP level 1. HP: 16/16 MP: 1/1
   396 | D:1      | Reached skill level 3 in Polearms
   419 | D:1      | Gained mutation: A weak demonic guardian rushes to your
                  | aid. [demonic ancestry]
   419 | D:1      | Reached XP level 2. HP: 20/22 MP: 2/2
  1099 | D:2      | Gained mutation: You have sharp fingernails. [demonic
                  | ancestry]
  1099 | D:2      | Reached XP level 3. HP: 15/27 MP: 3/3
  1289 | D:2      | Reached XP level 4. HP: 13/34 MP: 4/4
  1390 | D:2      | Reached skill level 4 in Polearms
  1618 | D:2      | Found a burning altar of Makhleb.
  1984 | D:3      | Found a hide-covered altar of Uskayaw.
  2026 | D:3      | Noticed Grinder
  2028 | D:3      | Found a basalt altar of Yredelemnul.
  2028 | D:3      | Found a transporter.
  2090 | D:3      | Paralysed by Grinder for 5 turns
  2099 | D:3      | Paralysed by Grinder for 7 turns
  2107 | D:3      | Killed Grinder
  2108 | D:3      | Reached skill level 1 in Armour
  2108 | D:3      | Reached XP level 5. HP: 14/40 MP: 5/5
  2171 | D:3      | Found a transporter.
  2198 | D:3      | Gained mutation: You are partially covered in sharp spines.
                  | [demonic ancestry]
  2198 | D:3      | Reached XP level 6. HP: 29/46 MP: 6/6
  2219 | D:3      | Reached skill level 5 in Polearms
  2595 | D:3      | Found a blossoming altar of Fedhas.
  2907 | D:3      | Gained mutation: You expend magic power (3 MP) to
                  | strengthen your wands. [potion of mutation]
  2907 | D:3      | Gained mutation: You are weak. (Str -2) [potion of
                  | mutation]
  2907 | D:3      | Lost mutation: You are weak. (Str -2) [potion of mutation]
  3038 | D:4      | Found an ornate altar of the Wu Jian Council.
  3127 | D:4      | Reached skill level 1 in Stealth
  3353 | D:4      | Gained mutation: You have sharp toenails. [demonic
                  | ancestry]
  3353 | D:4      | Reached XP level 7. HP: 46/52 MP: 7/7
  3386 | D:4      | Identified the cursed +0 robe of an ossuary {Harm rPois
                  | Str+4 Int-4}
  3460 | D:4      | Found an ancient bone altar of Kikubaaqudgha.
  3555 | D:4      | Found Jajis's Weapon Shop.
  3654 | D:4      | You fall into a shaft and drop 3 floors!
  3695 | D:6      | Reached skill level 6 in Polearms
  3823 | D:6      | Found Ciraph's Assorted Antiques.
  3833 | D:6      | Gained mutation: You have a pair of small antennae on your
                  | head. [demonic ancestry]
  3833 | D:6      | Reached XP level 8. HP: 46/60 MP: 8/8
  3845 | D:6      | Bought a scroll of identify for 42 gold pieces
  3845 | D:6      | Bought a scroll of identify for 42 gold pieces
  3855 | D:6      | Found a shadowy altar of Dithmenos.
  3870 | D:6      | Noticed Edmund
  3883 | D:6      | Killed Edmund
  3884 | D:6      | Reached skill level 1 in Shields
  3912 | D:6      | Found a staircase to the Ecumenical Temple.
  3952 | D:6      | Found Laluathroepe's Magic Scroll Shop.
  3956 | D:6      | Found Sarif's Antique Weapon Emporium.
  4108 | D:6      | Reached skill level 7 in Polearms
  4138 | D:6      | Found Liutosche's General Store.
  4217 | D:6      | Found a basalt altar of Yredelemnul.
  4230 | D:6      | Found Oddo's Magic Scroll Boutique.
  4252 | D:6      | Bought a scroll of identify for 20 gold pieces
  4252 | D:6      | Bought a scroll of identify for 20 gold pieces
  4252 | D:6      | Bought a scroll of identify for 20 gold pieces
  4401 | D:6      | Found a radiant altar of Vehumet.
  4442 | D:5      | Entered Level 5 of the Dungeon
  4944 | D:5      | Found a snail-covered altar of Cheibriados.
  5597 | D:7      | Found a broken altar of Ashenzari.
  5631 | D:7      | Lost mutation: You expend magic power (3 MP) to strengthen
                  | your wands. [potion of mutation]
  5631 | D:7      | Gained mutation: You are frail. (-10% HP) [potion of
                  | mutation]
  5631 | D:7      | Gained mutation: You are strong-willed. (Will+) [potion of
                  | mutation]
  5667 | D:7      | HP: 2/54 [orc priest/divine providence (14)]
  5668 | D:7      | Killed from afar by an orc priest

Illustrated notes

Levels and vault maps discovered:
D:1:      matt_arrival_diagonals, layout_basic
D:2:      minmay_chambers_of_twos, layout_loops_ring, lightli_temple_of_fire,
          kennysheep_doodads, minmay_rat_hole
D:3:      gammafunk_wand_slinger, layout_basic, old_standard_altar,
          lemuel_crystal_altar, lemuel_doored_altar, uniq_crazy_yiuf_cottage,
          uniq_grinder
D:4:      layout_loops_ring, overflow_temple_1_default,
          nicolae_overflow_crystal_walls, serial_shops, shop_fountains
D:5:      layout_loops_cross, slow_altar_2, moated_statue
D:6:      layout_basic, kennysheep_mini_moat, lemuel_coloured_pillars_altar,
          minmay_temple_entry_steel_oval, basic_altar, serial_shops,
          nicolae_shop_stone, nicolae_shop_crystal, nicolae_shop_trees,
          shop_scrolls, nicolae_shop_overgrown_old_shop, uniq_edmund
D:7:      layout_loops_ring, ashenzari_altar_1

Skill      XL: |  1  2  3  4  5  6  7  8 |
---------------+-------------------------+-----
Polearms       | 3 4 5 6 7 |  7.7
Dodging        | 3 |  3.8
Armour         | 1 2 3 4 |  4.0
Fighting       | 3 4 |  4.5
Stealth        | 1 2 |  2.0
Shields        | 3 |  3.2
Throwing       | |  1.8

Action                   |  1- 3 |  4- 6 |  7- 9 || total
-------------------------+-------+-------+-------++-------
Melee: Trident           |   116 |   237 |   170 ||   523
       Unarmed           |       |     8 |       ||     8
       Kick              |       |       |    36 ||    36
  Use: Scroll            |     6 |     2 |       ||     8
       Potion            |       |     6 |     4 ||    10
 Stab: Distracted        |       |     2 |     3 ||     5
Armor: Ring mail         |    51 |   109 |       ||   160
       Plate armour      |       |    10 |   110 ||   120
Dodge: Dodged            |    74 |   186 |    30 ||   290
Block: Kite shield       |       |       |    93 ||    93

Table legend: (Time is in decaauts)
 A = Elapsed time spent in this place.
 B = Non-inter-level travel time spent in this place.
 C = Inter-level travel time spent in this place.
 D = Time resting spent in this place.
 E = Time spent auto-exploring this place.
 F = Levels seen in this place.
 G = Mean time per level.
                   A        B        C        D        E       F      G
               +--------+--------+--------+--------+--------+-----+--------+
         Total |   5696 |   4796 |    900 |      0 |    111 |   7 |  813.7 |
       Dungeon |   5696 |   4796 |    900 |      0 |    111 |   7 |  813.7 |
               +--------+--------+--------+--------+--------+-----+--------+

Top non-repeatable levels by time:
     D:3: 1086 daAuts
     D:1: 1024 daAuts
     D:2: 905 daAuts
     D:5: 878 daAuts
     D:4: 871 daAuts
     D:6: 802 daAuts
     D:7: 128 daAuts
